 Dungeon Crawl Stone Soup version 0.31-a0-691-g409c26aa35 (webtiles) character file.

Game seed: 5244466747477933046

274 iamoutofideas the Cleaver (level 6, -8/50 HPs)
             Began as a Hill Orc Gladiator on Sept 7, 2023.
             Was an Initiate of Gozag.
             Mangled by an ogre
             ... wielding a +0 giant club
              (25 damage)
             ... on level 4 of the Dungeon.
             The game lasted 00:04:18 (2976 turns).

iamoutofideas the Cleaver (Hill Orc Gladiator)      Turns: 2976, Time: 00:04:18

Health: -8/50      AC:  8    Str: 19    XL:     6   Next: 24%
Magic:  6/6        EV: 11    Int:  8    God:    Gozag
Gold:   226        SH:  0    Dex: 12    Spells: 5/5 levels left

rFire   . . .        a - +0 war axe
rCold   . . .        (no shield)
rNeg    . . .        i - +0 ring mail
rPois   .            c - +0 helmet
rElec   .            s - +0 cloak
rCorr   .            j - +0 pair of gloves
SInv    .            (no boots)
Will    .....        (no amulet)
Stlth   +            (no ring)
HPRegen 0.28/turn    (no ring)
MPRegen 0.10/turn

%: no passive effects
@: no status effects
A: no striking features
a: Renounce Religion, Potion Petition, Call Merchant, Bribe Branch


You were on level 4 of the Dungeon.
You worshipped Gozag.
Gozag was aware of your devotion.
You visited 1 branch of the dungeon, and saw 4 of its levels.

You collected 302 gold pieces.
You paid 76 gold pieces to Gozag.

Inventory:

Hand Weapons
 a - a +0 war axe (weapon)
Missiles
 d - 5 throwing nets (quivered)
 e - a javelin
Armour
 b - a +0 leather armour
 c - a +0 helmet (worn)
 i - a +0 ring mail (worn)
 j - a +0 pair of gloves (worn)
 s - a +0 cloak (worn)
Jewellery
 h - a ring of wizardry
 o - a ring of magical power
Talismans
 r - a flux talisman
Wands
 y - a wand of acid (9)
Scrolls
 k - 2 scrolls of vulnerability {unknown}
 l - a scroll of poison {unknown}
 t - 2 scrolls of silence {unknown}
 u - a scroll of fog {unknown}
 v - 5 scrolls of identify {unknown}
 x - 2 scrolls of teleportation {unknown}
Potions
 f - a potion of brilliance {unknown}
 g - a potion of cancellation {unknown}
 m - a potion of haste {unknown}
 n - a potion of degeneration {unknown}
 p - 4 potions of curing {unknown}
 q - 3 potions of enlightenment {unknown}
 w - a potion of berserk rage {unknown}


   Skills:
 - Level 2.4 Fighting
 + Level 8.9 Axes
 - Level 1.7 Throwing
 - Level 2.4 Dodging


You had 5 spell levels left.
You didn't know any spells.
Your spell library contained the following spells:

 Spells                   Type           Power      Damage    Failure   Level
 Apportation              Tloc           0%         N/A       58%         1
 Necrotise                Necr           0%         1d4       58%         1
 Summon Small Mammal      Summ           0%         N/A       58%         1
 Call Canine Familiar     Summ           0%         N/A       92%         3
 Summon Guardian Golem    Hex/Summ       0%         N/A       92%         3


Dungeon Overview and Level Annotations

Branches:
Dungeon (4/15)
 Temple: D:4-7

Altars:
Fedhas
Gozag
Vehumet
Zin

Shops:
D:1 [


Message History

Found a leather armour.
No target in view!
No target in view!
You see here a +0 leather armour.
You see here a +1 leather armour of fire resistance.
No target in view!
No target in view!
You see here a +0 leather armour.
You now have 212 gold pieces (gained 10).
There is an open door here.
You see here a +0 hand axe.
There is an open door here.
You now have 226 gold pieces (gained 14).
Found 3 atropa-tipped darts.
No target in view!
An ogre comes into view. It is wielding a +0 giant club.
The ogre shouts!
You see here a scroll labelled SOVVOUVUSS.
An ogre is nearby!
An ogre is nearby!
Found a stone staircase leading down.
You hit the ogre but do no damage. The ogre hits you with a +0 giant club!
A hobgoblin comes into view. It is wielding a +0 whip.
You hit the ogre.
The ogre is moderately wounded.
The ogre closely misses you.
You barely miss the ogre.
The ogre is moderately wounded.
The ogre hits you with a +0 giant club!!
You are too injured to fight recklessly!
You are too injured to fight recklessly!
You are too injured to fight recklessly!
You slash the ogre!
The ogre is severely wounded.
You hit the ogre.
The ogre is almost dead.
The ogre hits you with a +0 giant club!!
Ouch! That really hurt!
You die...
Your body crumbles into a pile of gold.

.######. '.....
........ .......
........ ....$
≈≈..≈≈≈≈ .... ........
..( .######. ### #'#
###.# #.
...#.##.########......
####.
............?.@Og...>#
#....
...#.##.##############
#...# ....#...## #....
#.....# ##.## ##...##
#.# ##.## #.## #.#
#... #.# #### #.#


You could see an ogre and a hobgoblin.

Vanquished Creatures
  A hound (D:4)
  An orc wizard (D:4)
  Ijyb (D:4)
  6 adders
  3 gnolls (D:3)
  4 dart slugs
  11 orcs
  4 ball pythons
  12 endoplasms
  3 giant cockroaches
  9 goblins
  7 hobgoblins
  5 jackals
  8 kobolds
  2 quokkas
  2 bats (D:2)
  6 frilled lizards
  9 rats
94 creatures vanquished.

Vanquished Creatures (others)
  An orc (D:4)
1 creature vanquished.

Grand Total: 95 creatures vanquished

Notes
Turn   | Place    | Note
-------+----------+-------------------------------------------
     0 | D:1      | iamoutofideas the Hill Orc Gladiator began the quest for
                  | the Orb.
     0 | D:1      | Reached XP level 1. HP: 18/18 MP: 1/1
    98 | D:1      | Reached XP level 2. HP: 25/25 MP: 2/2
   208 | D:1      | Reached skill level 5 in Axes
   605 | D:1      | Found Vekhlove's Armour Boutique.
   613 | D:1      | Reached XP level 3. HP: 26/30 MP: 3/3
   992 | D:2      | Reached skill level 6 in Axes
   997 | D:2      | Reached XP level 4. HP: 37/37 MP: 4/4
  1432 | D:3      | Reached skill level 7 in Axes
  1692 | D:3      | Reached XP level 5. HP: 40/42 MP: 5/5
  2301 | D:4      | Noticed Ijyb
  2304 | D:4      | Found an opulent altar of Gozag.
  2311 | D:4      | Reached skill level 8 in Axes
  2319 | D:4      | Killed Ijyb
  2324 | D:4      | Reached XP level 6. HP: 40/50 MP: 6/6
  2337 | D:4      | Became a worshipper of Gozag Ym Sagoz the Greedy
  2765 | D:4      | Found a radiant altar of Vehumet.
  2770 | D:4      | Found a blossoming altar of Fedhas.
  2774 | D:4      | Found a glowing silver altar of Zin.
  2976 | D:4      | Mangled by an ogre

Illustrated notes

Levels and vault maps discovered:
D:1:      elethiomel_arrival_shortcut, layout_rooms, serial_shops, shop,
          minmay_misc_feat_square, nrook_mini_backslash,
          minmay_misc_feat_ornament, minmay_pentomino_u4
D:2:      layout_basic, st_stairs_10, minmay_randomly_rotated_circles
D:3:      layout_loops_corners
D:4:      layout_loops_corners, grunt_temple_overflow_diamond,
          mainiacjoe_overflow_boulevard, minmay_statues_item, uniq_ijyb

Skill      XL: |  1  2  3  4  5 |
---------------+----------------+-----
Axes           | 5 6 7 8 |  8.9
Fighting       | |  2.4
Throwing       | |  1.7
Dodging        | |  2.4

Action                     |  1- 3 |  4- 6 || total
---------------------------+-------+-------++-------
  Melee: War axe           |   107 |   158 ||   265
         Punch             |       |     2 ||     2
 Armour: Leather armour    |    29 |       ||    29
         Ring mail         |    39 |    88 ||   127
  Dodge: Dodged            |    69 |    95 ||   164

Table legend: (Time is in decaauts)
 A = Elapsed time spent in this place.
 B = Non-inter-level travel time spent in this place.
 C = Inter-level travel time spent in this place.
 D = Time resting spent in this place.
 E = Time spent auto-exploring this place.
 F = Levels seen in this place.
 G = Mean time per level.
                   A        B        C        D        E       F      G
               +--------+--------+--------+--------+--------+-----+--------+
         Total |   3021 |   2939 |     82 |     62 |   2286 |   4 |  755.2 |
       Dungeon |   3021 |   2939 |     82 |     62 |   2286 |   4 |  755.2 |
               +--------+--------+--------+--------+--------+-----+--------+

Top non-repeatable levels by time:
     D:3: 860 daAuts
     D:1: 820 daAuts
     D:4: 713 daAuts
     D:2: 627 daAuts
